AoeStats
← marius.zwei91

Arabia

508456182Analyzed
1v1 RM · 10d ago on Sep 22, 2026· 40m 24s· 2 players
Game mode
Random Map
Map size
Tiny (2 player)
Population
200
Speed
Normal
Resources
Standard
Victory
Conquest
Starting age
Dark Age
Ending age
Imperial Age
RankedLock teamsTeams togetherTeam positionsShared explorationLock speedFull tech treeHidden civsTurbo modeCheats
Victory
Defeat
🇩🇪 Bengalis · Germany
753
+13
🇵🇪 Sicilians · Peru
691
-13
P.A.G.E
8:22 Loom
12:43 Feudal Age
20:41 Castle Age
18:35 Double-Bit Axe
21:19 Fletching
25:41 Padded Archer Armor
30:05 Elite Skirmisher
31:16 Bodkin Arrow
35:07 Pikeman
36:42 Wheelbarrow
marius.zwei91
8:10 Loom
11:12 Feudal Age
16:17 Castle Age
15:06 Fletching
17:04 Crossbowman
34:23 Imperial Age
34:35 Gold Mining
35:06 Light Cavalry
37:08 Bloodlines
36:59 Husbandry
39:02 Arbalester
Connection lost

Rejoining the realm…

Still unreachable

The connection could not be restored.

Session expired

The server has moved on; the page needs a fresh start.